 Dungeon Crawl Stone Soup version 0.17-a0-1914-gde4187c (webtiles) character file.

4993 4thArraOfDagon the Cleaver (level 10, 0/82 HPs)
             Began as a Vine Stalker Berserker on Sept 26, 2015.
             Was a Priest of Trog.
             Slain by a wolf (5 damage)
             ... on level 3 of the Lair of Beasts.
             The game lasted 00:07:19 (1276 turns).

4thArraOfDagon the Cleaver (Vine Stalker Berserker) Turns: 1276, Time: 00:07:19

Health: 0/82       AC: 25    Str: 26    XL:     10   Next: 54%
Magic:  0/11       EV:  2    Int: 10    God:    Trog [***...]
Gold:   101        SH:  0    Dex: 13    Spells: 0 memorised, 9 levels left

rFire  . . .     SeeInvis .     u - +0 war axe
rCold  . . .     Clarity  .     (armour currently unavailable)
rNeg   + + +     SustAt   .     (no shield)
rPois  +         Gourm    .     (helmet currently unavailable)
rElec  .         Spirit   +     (cloak currently unavailable)
rCorr  .         Warding  .     (gloves currently unavailable)
rMut   .         NoTele   +     (boots currently unavailable)
MR     +++..                    (no amulet)
Stlth  +.........               (no ring)
                                (no ring)

@: mighty, exhausted, tree-form, regenerating, slowed, very slow, extremely
resistant to hostile enchantments, very unstealthy
A: (fangs 0), regeneration 2, magic shield, (antimagic bite), no device heal 3,
rot immunity
a: Burn Spellbooks, Berserk, Trog's Hand, Renounce Religion


You were on level 3 of the Lair of Beasts.
You worshipped Trog.
Trog was most pleased with you.
You were very hungry.
You were a tree.
You visited 2 branches of the dungeon, and saw 11 of its levels.
You also visited: Sewer.

You collected 101 gold pieces.

Inventory:

Hand weapons
 a - a +0 hand axe
 u - a +0 war axe (weapon)
Armour
 b - a +0 animal skin
 e - a +0 chain mail (melded)
 t - a +0 cloak (melded)
 x - a +2 hat of intelligence (melded)
Jewellery
 k - an uncursed ring of fire
Scrolls
 f - 2 scrolls of fear {unknown}
 g - a scroll of identify {unknown}
 m - a scroll of magic mapping {unknown}
 n - a scroll of enchant weapon {unknown}
 p - a scroll of enchant armour {unknown}
 q - a scroll of random uselessness {unknown}
 r - a scroll of amnesia {unknown}
 v - 3 scrolls of remove curse {unknown}
 y - a scroll of fog {unknown}
Potions
 h - a potion of might
 l - a potion of heal wounds {unknown}
Comestibles
 c - 3 bread rations
 d - 9 fruits
 j - 3 meat rations
 o - a beef jerky
 s - 8 chunks of flesh


   Skills:
 + Level 7.5 Fighting
 * Level 10.3 Axes
 + Level 6.5 Armour
 - Level 1.5 Dodging


You had 9 spell levels left.
You didn't know any spells.

Dungeon Overview and Level Annotations

Branches:
Dungeon (8/15)               Lair (3/8) D:8
 Temple: D:4-7        Swamp: Lair:3-6    Shoals: Lair:3-6     Snake: Lair:3-6
 Spider: Lair:3-6

Altars:
Dithmenos
Elyvilon
Sif Muna

Annotations:
D:4 pk666's ghost, average DEWz
Lair:2 kae's ghost, powerful MiFi


Innate Abilities, Weirdness & Mutations

((You have razor-sharp teeth.))
You heal very quickly.
When hurt, damage is shared between your health and your magic reserves.
((Your bite disrupts and absorbs the magic of your enemies.))
Potions and wands cannot restore your health.
You are immune to rotting.


Message History

The wolf is heavily wounded.
The wolf bites you but does no damage. x4
The wolf bites you.
* * * LOW HITPOINT WARNING * * *
The wolf bites you but does no damage. The wolf bites you.
* * * LOW HITPOINT WARNING * * *
Unknown command.
Unknown command.
Unknown command.
You slash the wolf!
You kill the wolf!
Trog accepts your kill.
You slash the wolf!
The wolf is almost dead.
You closely miss the wolf.
The wolf is heavily wounded.
The wolf bites you.
* * * LOW HITPOINT WARNING * * *
The wolf bites you.
You die...

..# #####
.# #♣hP###
..#
###hh...#
#.#
#...###...#
# #
#.......##
... #
###>...## .
# #....#
#.#...
.#.##. ..#
#


You could see 3 wolves.

Vanquished Creatures
  Gastronok (Lair:1)
  2 komodo dragons
  Sigmund (D:2)
  13 yaks
  A wolf (Lair:3)
  Purgy (Sewer)
  An ogre (D:7)
  A centaur (D:5)
  2 giant frogs
  A gnoll sergeant (D:8)
  A jelly (D:6)
  Ijyb (D:2)
  2 hounds
  An iguana (Lair:1)
  An orc wizard (D:7)
  Terence (D:3)
  An adder (D:4)
  6 gnolls (D:8)
  2 shadow imps (D:6)
  A worm (D:3)
  A giant gecko (D:4)
  6 orcs
  3 ball pythons
  3 giant cockroaches
  2 goblins
  A hobgoblin (D:2)
  4 jackals (D:7)
  5 giant newts
  2 kobolds
  3 rats (D:4)
71 creatures vanquished.

Notes
Turn   | Place    | Note
--------------------------------------------------------------
     0 | D:1      | 4thArraOfDagon the Vine Stalker Berserker began the quest for the Orb.
     0 | D:1      | Reached XP level 1. HP: 11/11 MP: 2/2
   110 | D:2      | Noticed Ijyb
   113 | D:2      | Noticed Sigmund
   117 | D:2      | Killed Ijyb
   117 | D:2      | Reached skill level 3 in Fighting
   117 | D:2      | Reached XP level 2. HP: 13/16 MP: 3/3
   117 | D:2      | Reached XP level 3. HP: 16/20 MP: 4/4
   123 | D:2      | Killed Sigmund
   123 | D:2      | Reached skill level 4 in Axes
   123 | D:2      | Reached XP level 4. HP: 22/25 MP: 5/5
   123 | D:2      | Reached XP level 5. HP: 24/28 MP: 6/6
   210 | D:3      | Noticed Terence
   231 | D:3      | Killed Terence
   318 | D:4      | Noticed pk666's ghost (average DEWz)
   371 | D:4      | Found a white marble altar of Elyvilon.
   376 | D:4      | Found a shadowy altar of Dithmenos.
   376 | D:4      | Found a deep blue altar of Sif Muna.
   378 | D:4      | Gained mutation: You heal very quickly. [Vine Stalker growth]
   378 | D:4      | Reached XP level 6. HP: 33/33 MP: 7/7
   393 | D:4      | Found a glowing drain.
   403 | D:4      | Acquired Trog's second power
   420 | Sewer    | Entered a sewer
   454 | Sewer    | Noticed Purgy
   464 | Sewer    | Killed Purgy
   546 | D:5      | Entered Level 5 of the Dungeon
   608 | D:5      | Reached skill level 5 in Axes
   654 | D:6      | Reached XP level 7. HP: 33/37 MP: 8/8
   812 | D:8      | Found a staircase to the Lair.
   819 | D:8      | Reached skill level 6 in Axes
   849 | Lair:1   | Entered Level 1 of the Lair of Beasts
   862 | Lair:1   | Noticed a komodo dragon
   871 | Lair:1   | Killed a komodo dragon
   871 | Lair:1   | Gained mutation: You have razor-sharp teeth. [Vine Stalker growth]
   871 | Lair:1   | Reached XP level 8. HP: 19/42 MP: 4/9
   941 | Lair:1   | Reached skill level 5 in Fighting
   955 | Lair:1   | Noticed Gastronok
   989 | Lair:1   | Killed Gastronok
   989 | Lair:1   | Received a gift from Trog
   989 | Lair:1   | Reached skill level 8 in Axes
   989 | Lair:1   | Reached skill level 5 in Armour
   989 | Lair:1   | Reached XP level 9. HP: 40/49 MP: 10/10
   992 | Lair:1   | :(
  1006 | Lair:1   | Noticed a komodo dragon
  1023 | Lair:1   | Noticed a yak
  1024 | Lair:1   | Noticed a yak
  1024 | Lair:1   | Noticed a yak
  1025 | Lair:1   | Noticed a yak
  1025 | Lair:1   | Noticed a yak
  1045 | Lair:1   | Killed a yak
  1045 | Lair:1   | Reached skill level 9 in Axes
  1047 | Lair:1   | Killed a yak
  1048 | Lair:1   | Killed a yak
  1051 | Lair:1   | Killed a yak
  1052 | Lair:1   | Killed a yak
  1052 | Lair:1   | Reached XP level 10. HP: 14/53 MP: 9/11
  1153 | Lair:2   | Noticed kae's ghost (powerful MiFi)
  1251 | Lair:3   | Reached skill level 10 in Axes
  1275 | Lair:3   | HP: 4/82 [wolf (3)]
  1276 | Lair:3   | Slain by a wolf

Vault maps used:
D:1:      minmay_arrival_checkered_box, minmay_misc_feat_hallway
D:2:      uniq_iyjb, uniq_sigmund
D:3:      uniq_terence
D:4:      gammafunk_temple_overflow_wave, lemuel_doored_altar,
          portal_sewer_entry_a
D:5:      first_bread, uniq_menkaure, uniq_grinder
D:6:      temple_green, grunt_ministairs_14, uniq_pikel
D:7:      lemuel_castle_with_subvaults
D:8:      fedhas_altar_decomposition, lightli_temple_of_fire, lair_0_dummy,
          lemuel_angel_altar
Lair:1:   uniq_gastronok
Lair:2:   beast_lair_carwin_large_3
Lair:3:   minmay_shoals_entry_centaurs, beast_lair_carwin_8,
          lemuel_fruit_fields, infiniplex_staircase_pool
Sewer:    sewer_co_purgy_island

Action                   |  1- 3 |  4- 6 |  7- 9 | 10-12 || total
-------------------------+-------+-------+-------+-------++-------
Melee: Hand axe          |    17 |    56 |    51 |       ||   124
       War axe           |       |       |    33 |    44 ||    77
Throw: Throwing net      |       |       |     1 |       ||     1
Invok: Berserk           |     1 |     2 |     5 |     2 ||    10
       Trog's Hand       |       |       |       |     1 ||     1
  Use: Potion            |     2 |       |       |     2 ||     4
       Scroll            |       |       |     1 |     4 ||     5
 Stab: Held in net/web   |       |       |     1 |       ||     1
  Eat: Chunk             |       |     2 |     6 |     3 ||    11
